 Dungeon Crawl Stone Soup version 0.29.1-15-g9cfb28693d (webtiles) character file.

Game seed: 8864227401954498361

139 Peloso the Trooper (level 5, -2/47 HPs)
             Began as a Minotaur Fighter on Apr 6, 2023.
             Slain by an iguana (9 damage)
             ... on level 4 of the Dungeon.
             The game lasted 00:04:03 (2566 turns).

Peloso the Trooper (Minotaur Fighter)               Turns: 2566, Time: 00:04:04

Health: -2/47      AC:  7    Str: 20    XL:     5   Next: 1%
Magic:  4/4        EV:  9    Int:  5    God:
Gold:   138        SH:  5    Dex: 12    Spells: 4/4 levels left

rFire   . . .      SeeInvis .   a - +0 long sword
rCold   . . .      Faith    .   c - +0 buckler
rNeg    . . .      Spirit   .   b - +0 scale mail
rPois   .          Reflect  .   (helmet restricted)
rElec   .          Harm     .   (no cloak)
rCorr   .          Rampage  .   (no gloves)
Will    .....                   (no boots)
Stlth   ..........              (no amulet)
HPRegen 0.15/turn               (no ring)
MPRegen 0.09/turn               (no ring)

@: lethally poisoned (-2 -> -21)
A: horns 2, retaliatory headbutt
a: no special abilities


You were on level 4 of the Dungeon.
You visited 1 branch of the dungeon, and saw 4 of its levels.

You collected 138 gold pieces.

Inventory:

Hand Weapons
 a - a +0 long sword (weapon)
Armour
 b - a +0 scale mail (worn)
 c - a +0 buckler (worn)
Jewellery
 f - a ring of flight
 l - a ring of fire
Wands
 d - a wand of acid (5)
Scrolls
 e - 3 scrolls of blinking
 g - 2 scrolls of poison {unknown}
 h - a scroll of identify
 i - a scroll of teleportation
 j - 2 scrolls of fear {unknown}


   Skills:
 + Level 4.5 Fighting
 + Level 3.9 Long Blades
 + Level 4.4 Armour
 + Level 1.1 Dodging
 + Level 0.3 Stealth
 + Level 4.4 Shields


You had 4 spell levels left.
You didn't know any spells.
Your spell library contained the following spells:

 Spells                   Type           Power      Damage    Failure   Level
 Slow                     Hex            0%         N/A       88%         1
 Poisonous Vapours        Pois/Air       0%         N/A       96%         2
 Confusing Touch          Hex            0%         N/A       99%         3
 Vampiric Draining        Necr           0%         2d6       99%         3
 Corpse Rot               Necr/Pois/Air  0%         N/A       100%        4


Dungeon Overview and Level Annotations

Branches:
Dungeon (4/15)
 Temple: D:4-7

Altars:

Annotations:
D:3 1 transporter, FaviusArthum's ghost, weakling DEAK


Innate Abilities, Weirdness & Mutations

You have a pair of horns on your head.
You reflexively headbutt those who attack you in melee.


Message History

Found a giant spiked club.
There is a stone staircase leading down here.
An iguana comes into view.
The iguana hisses angrily.
An iguana is nearby!
The iguana bites you!
An orc comes into view. It is wielding a +1 trident of venom.
The orc shouts!
You hit the iguana.
You headbutt the iguana, but do no damage.
The iguana is lightly wounded.
The iguana bites you but does no damage.
You hit the iguana. Your headbutt misses the iguana.
The iguana is lightly wounded.
You block the iguana's attack.
You hit the iguana. You headbutt the iguana!
The iguana is almost dead.
The iguana closely misses you. You block the iguana's attack.
You barely miss the iguana.
The iguana is almost dead.
The iguana bites you but does no damage.
You closely miss the iguana.
The iguana is almost dead.
The iguana bites you.
The orc hits you from afar with a +1 trident of venom.
You are poisoned.
You closely miss the iguana.
The iguana is almost dead.
You feel very sick. The iguana bites you!
The orc hits you from afar with a +1 trident of venom.
* * * LOW HITPOINT WARNING * * *
You are lethally poisoned!
* * * LOW HITPOINT WARNING * * *
You feel very sick.
You aren't carrying any potions.
You aren't carrying any potions.
Unknown command.
The iguana attacks as you move away! The iguana bites you!
You die...

.####.# .###
####.# .#
..# #....#
## #.#
#.##.#
##.####.##.#
#..........#
#..####.####
#..# #.#
#..####.#
#@....#.#
#l###.#.#
#.o.# #.#
....... ..#
###...##.###
##.## # #.#
#.# ...


You could see an iguana and an orc.

Vanquished Creatures
  An orc priest (D:3)
  5 adders
  2 worms (D:2)
  A dart slug (D:3)
  4 orcs
  A ball python (D:4)
  5 endoplasms
  5 giant cockroaches
  3 goblins
  5 hobgoblins
  2 jackals (D:1)
  4 kobolds
  2 quokkas
  5 bats (D:2)
  3 frilled lizards
  4 rats
52 creatures vanquished.

Vanquished Creatures (others)
  2 plants (D:3)
2 creatures vanquished.

Grand Total: 54 creatures vanquished

Notes
Turn   | Place    | Note
-------+----------+-------------------------------------------
     0 | D:1      | Peloso the Minotaur Fighter began the quest for the Orb.
     0 | D:1      | Reached XP level 1. HP: 19/19 MP: 0/0
   244 | D:1      | Reached XP level 2. HP: 12/27 MP: 1/1
   935 | D:2      | Reached XP level 3. HP: 33/33 MP: 2/2
  1690 | D:3      | Reached XP level 4. HP: 37/41 MP: 3/3
  1790 | D:3      | Noticed an ogre
  1790 | D:3      | Noticed FaviusArthum's ghost (weakling DEAK)
  1792 | D:3      | Noticed an ogre
  1798 | D:3      | Found a transporter.
  1880 | D:3      | Found a faded altar of an unknown god.
  1992 | D:3      | HP: 2/41 [adder (2)]
  2002 | D:3      | Reached skill level 1 in Dodging
  2493 | D:4      | Reached XP level 5. HP: 47/47 MP: 4/4
  2566 | D:4      | Slain by an iguana

Illustrated notes

Levels and vault maps discovered:
D:1:      lightli_arrival_boilingwater, layout_basic
D:2:      layout_basic
D:3:      layout_rooms, gammafunk_ghost_smash,
          shapermc_ecumenical_altar_mp_urbaneastern, minmay_tree_intersection,
          chequers_garden, minmay_misc_feat_iff, dk_noncrumbling_3
D:4:      layout_loops_ring, dancing_weapons_uskayaw, uniq_crazy_yiuf_cottage

Skill      XL: |  1  2  3  4 |
---------------+-------------+-----
Fighting       | 4 |  4.5
Shields        | 4 |  4.4
Armour         | 4 |  4.4
Long Blades    | 3 |  3.9
Dodging        | 1 |  1.1
Stealth        | |  0.3

Action                   |  1- 3 |  4- 6 || total
-------------------------+-------+-------++-------
Melee: Long sword        |    84 |    57 ||   141
       Headbutt          |     7 |    10 ||    17
  Use: Potion            |     3 |     2 ||     5
       Scroll            |     3 |     1 ||     4
Armor: Scale mail        |    45 |    29 ||    74
Dodge: Dodged            |    39 |    23 ||    62
Block: Buckler           |    25 |    18 ||    43
